 Dungeon Crawl Stone Soup version 0.24.1 (webtiles) character file.

Game seed: 14389318248853083759, levelgen mode: deterministic

202 nightchill the Stinger (level 5, -1/48 HPs)
             Began as a Gargoyle Venom Mage on Apr 1, 2020.
             Slain by a killer bee zombie (2 damage)
             ... on level 3 of the Dungeon.
             The game lasted 00:07:32 (3222 turns).

nightchill the Stinger (Gargoyle Venom Mage)        Turns: 3222, Time: 00:07:32

Health: -1/48      AC: 22    Str: 12    XL:     5   Next: 80%
Magic:  8/8        EV:  2    Int: 16    God:
Gold:   161        SH:  0    Dex: 10    Spells: 1/8 levels left

rFire    . . .     SeeInvis .   w - +2 flail (venom)
rCold    . . .     Gourm    .   (no shield)
rNeg     + + +     Faith    .   (armour currently unavailable)
rPois    ∞         Spirit   .   (helmet currently unavailable)
rElec    .         Reflect  .   (cloak currently unavailable)
rCorr    .         Harm     .   (gloves currently unavailable)
MR       .....     NoTele   +   (boots currently unavailable)
Stlth    ++........             (no amulet)
HPRegen  0.16/turn              (no ring)
MPRegen  0.11/turn              (no ring)

@: tree-form
A: negative energy resistance 1, petrification resistance, rot immunity, AC +4
a: no special abilities


You were on level 3 of the Dungeon.
You were not hungry.
You were a tree.
You visited 1 branch of the dungeon, and saw 3 of its levels.

You collected 161 gold pieces.

Inventory:

Hand Weapons
 j - a +0 dagger
 w - a +2 flail of venom (weapon)
Missiles
 m - 162 stones (quivered)
Armour
 a - a +0 robe (melded)
 t - a +0 pair of gloves (melded)
Jewellery
 f - an uncursed amulet of rage {unknown}
Scrolls
 b - 7 scrolls of magic mapping {unknown}
 e - a scroll of fog {unknown}
 g - 5 scrolls of teleportation {unknown}
 h - a scroll of amnesia {unknown}
 q - a scroll of enchant armour {unknown}
 r - 2 scrolls of identify {unknown}
 u - a scroll of blinking {unknown}
 v - a scroll of immolation {unknown}
Potions
 d - 2 potions of lignification
 i - a potion of heal wounds {unknown}
 k - a potion of degeneration {unknown}
 n - a potion of berserk rage {unknown}
 o - a potion of invisibility {unknown}
 p - a potion of agility {unknown}
 s - 2 potions of magic {unknown}
Comestibles
 c - 5 rations
 l - a chunk of flesh


   Skills:
 + Level 3.1 Fighting
 - Level 1.5 Dodging
 - Level 2.1 Stealth
 - Level 2.0 Spellcasting
 - Level 1.1 Conjurations
 * Level 5.4 Poison Magic


You had one spell level left.
You knew the following spells:

 Your Spells              Type           Power        Failure   Level  Hunger
a - Sting                 Conj/Pois      ##..         5%          1    #......
b - Poisonous Vapours     Pois/Air       ##....       11%         2    ###....
c - Olgreb's Toxic Radia  Pois           ###.....     22%         4    #####..

Your spell library contained the following spells:

 Spells                   Type           Power        Failure   Level  Hunger
 Mephitic Cloud           Conj/Pois/Air  #.......     26%         3    ###....
 Venom Bolt               Conj/Pois      ##........   83%         5    ######.


Dungeon Overview and Level Annotations

Branches:
Dungeon (3/15)

Altars:
Dithmenos
Gozag
Xom

Annotations:
D:3 3 runed translucent doors, Cunning1Sparkmage's ghost, amateur MfAE


Innate Abilities, Weirdness & Mutations

You are resistant to torment.
((Your stone body is resilient. (AC +4)))
You are immune to poison.
You resist negative energy. (rN+)
((You are resistant to electric shocks. (rElec)))
((You can survive without breathing.))
You are immune to petrification.
You are immune to rotting.


Message History

The killer bee zombie closely misses you.
The killer bee zombie closely misses you.
It was a potion of lignification.
You turn into a tree.
Your +0 pair of gloves melds into your body.
Your +0 robe melds into your body.
Your roots penetrate the ground.
The killer bee zombie hits you but does no damage. x2
You barely miss the killer bee zombie.
The killer bee zombie is severely damaged.
The killer bee zombie completely misses you.
The killer bee zombie hits you.
* * * LOW HITPOINT WARNING * * *
You barely miss the killer bee zombie.
The killer bee zombie is severely damaged.
The killer bee zombie hits you but does no damage. x3
You barely miss the killer bee zombie.
The killer bee zombie is severely damaged.
The killer bee zombie hits you.
* * * LOW HITPOINT WARNING * * *
The killer bee zombie hits you.
You die...

#.......#
#..####.#
##..####.#
.......#.#
##........#
##.......######
##...........#
#......####.#
#......# #♣#
#+###### #Z##
#..# ##.# ##..#
####...#######
+.....$.......
####...#######
##..#


You could see a killer bee zombie.

Vanquished Creatures
  A bullfrog (D:2)
  6 adders
  An ooze (D:2)
  A worm (D:3)
  5 orcs
  13 giant cockroaches (D:2)
  7 goblins
  6 hobgoblins
  5 jackals (D:2)
  6 kobolds
  5 bats
  6 frilled lizards
  7 rats
69 creatures vanquished.

Vanquished Creatures (others)
  4 toadstools (D:1)
4 creatures vanquished.

Grand Total: 73 creatures vanquished

Notes
Turn   | Place    | Note
-------+----------+-------------------------------------------
     0 | D:1      | nightchill the Gargoyle Venom Mage began the quest for the
                  | Orb.
     0 | D:1      | Reached XP level 1. HP: 10/10 MP: 3/3
   419 | D:1      | Reached XP level 2. HP: 2/16 MP: 3/5
   746 | D:1      | Learned a level 2 spell: Poisonous Vapours
   819 | D:1      | Reached skill level 1 in Fighting
  1502 | D:2      | Reached XP level 3. HP: 20/20 MP: 1/6
  1505 | D:2      | Reached skill level 4 in Poison Magic
  1778 | D:2      | Reached XP level 4. HP: 26/26 MP: 2/7
  2291 | D:2      | Noticed a bullfrog
  2316 | D:2      | Killed a bullfrog
  2316 | D:2      | Reached skill level 5 in Poison Magic
  2316 | D:2      | Reached XP level 5. HP: 29/32 MP: 0/8
  2487 | D:1      | Learned a level 4 spell: Olgreb's Toxic Radiance
  2610 | D:2      | Found a shadowy altar of Dithmenos.
  2615 | D:2      | Found a shimmering altar of Xom.
  2878 | D:3      | Found a runed translucent gate.
  2878 | D:3      | Found a runed translucent gate.
  2878 | D:3      | Found an opulent altar of Gozag.
  2878 | D:3      | Found a runed translucent gate.
  2878 | D:3      | Noticed Cunning1Sparkmage's ghost (amateur MfAE)
  3222 | D:3      | HP: 1/48 [killer bee zombie (5)]
  3222 | D:3      | Slain by a killer bee zombie

Levels and vault maps discovered:
D:1:      ldierk_walled_garden_2, layout_loops_ring
D:2:      minmay_roachtagon, layout_rooms, minitemple
D:3:      layout_loops_corners, ebering_ghost_gozag, guppyfry_early_orc_mine

Skill      XL: |  1  2  3  4  5 |
---------------+----------------+-----
Fighting       | 1 2 3 |  3.1
Poison Magic   | 4 5 |  5.4
Dodging        | |  1.5
Stealth        | |  2.1
Spellcasting   | |  2.0
Conjurations   | |  1.1

Action                   |  1- 3 |  4- 6 || total
-------------------------+-------+-------++-------
Melee: Unarmed           |    24 |       ||    24
       Dagger            |    77 |   254 ||   331
       Flail             |       |    11 ||    11
 Cast: Sting             |    11 |     2 ||    13
       Poisonous Vapours |     8 |    13 ||    21
       Olgreb's Toxic Ra |       |     1 ||     1
  Use: Potion            |       |     1 ||     1
 Stab: Sleeping          |     5 |     3 ||     8
  Eat: Chunk             |     4 |     6 ||    10
Armor: Robe              |    33 |   108 ||   141
       Skin              |       |     5 ||     5
Dodge: Dodged            |    85 |   189 ||   274
